 Dungeon Crawl Stone Soup version 0.29.1-13-g9f3cf754e1 (webtiles) character file.

Game seed: 15514642582236948727

2454 Sanktem7 the Fighter (level 9, -4/85 HPs)
             Began as a Minotaur Fighter on Jan 23, 2023.
             Slain by a nine-headed hydra (8 damage)
             ... on level 7 of the Dungeon.
             The game lasted 00:10:04 (6563 turns).

Sanktem7 the Fighter (Minotaur Fighter)             Turns: 6563, Time: 00:10:04

Health: -4/85      AC: 15    Str: 26    XL:     9   Next: 25%
Magic:  8/8        EV: 12    Int:  5    God:
Gold:   361        SH:  4    Dex: 11    Spells: 8/8 levels left

rFire   . . .      SeeInvis .   a - +0 war axe {axe}
rCold   . . .      Faith    .   c - +0 buckler
rNeg    . . .      Spirit   .   n - +1 chain mail of Understanding {Str+2 Slay+3}
rPois   .          Reflect  .   (helmet restricted)
rElec   .          Harm     .   (no cloak)
rCorr   .          Rampage  .   g - +2 pair of gloves
Will    +....                   (no boots)
Stlth   ..........              (no amulet)
HPRegen 0.24/turn               t - +4 ring of evasion
MPRegen 0.11/turn               m - ring of willpower

@: no status effects
A: horns 2, retaliatory headbutt
a: no special abilities


You were on level 7 of the Dungeon.
You visited 1 branch of the dungeon, and saw 7 of its levels.
You also visited: Ossuary.

You collected 361 gold pieces.


Innate Abilities, Weirdness & Mutations

You have a pair of horns on your head.
You reflexively headbutt those who attack you in melee.


   Skills:
 * Level 10.2 Fighting
 * Level 9.8 Axes
 + Level 7.6 Armour
 - Level 3.6 Shields


You had 8 spell levels left.
You didn't know any spells.
Your spell library was empty.

Inventory:

Hand Weapons
 a - a +0 war axe (weapon) {axe}
Missiles
 b - 5 boomerangs {throwing}
 i - 5 poisoned darts (quivered) {throwing}
 q - 42 stones {throwing}
Armour
 c - a +0 buckler (worn)
 g - a +2 pair of gloves (worn)
   (You found it on level 1 of the Dungeon)
 n - the +1 chain mail of Understanding (worn) {Str+2 Slay+3}
   (You found it on level 2 of the Dungeon)

   Str:       It affects your strength (+2).
   Slay:      It affects your accuracy & damage with ranged weapons and melee
   (+3).
Jewellery
 m - a ring of willpower (right hand)
   (You found it on level 5 of the Dungeon)
 t - a +4 ring of evasion (left hand)
   (You found it on level 3 of the Dungeon)
Wands
 l - a wand of light (11)
   (You found it on level 5 of the Dungeon)
 o - a wand of iceblast (14)
   (You found it on level 6 of the Dungeon)
 v - a wand of digging (8)
   (You took it off an orc priest on level 3 of the Dungeon)
Scrolls
 f - 4 scrolls of teleportation {@r4}
 p - a scroll of fear
 s - a scroll of brand weapon {unknown}
 u - a scroll of butterflies
 y - a scroll of magic mapping {!r}
Potions
 d - 7 potions of might
 e - 2 potions of curing {@q1}
 h - a potion of lignification {unknown}
 j - a potion of invisibility {unknown}
 k - a potion of attraction {!q}
 r - a potion of mutation {unknown}
 w - a potion of brilliance {unknown}
 x - 2 potions of degeneration {unknown}
 z - a potion of magic {unknown}
 B - 2 potions of heal wounds {@q2}
 C - 2 potions of haste {unknown}
 D - 2 potions of resistance {unknown}

Dungeon Overview and Level Annotations

Branches:
Dungeon (7/15) Zot: 26740 Ossuary (visited)
 Temple: D:4-7

Altars:
Cheibriados
Hepliaklqana
Uskayaw
Wu Jian
The Shining One

Shops:
D:6

[ ♣♣♣.....♣♣♣ ♣♣.♣♣
♣..##)##..♣♣♣♣♣.♣.♣#
♣.♣.#...#.♣.♣...♣♣♣.#
♣.
♣.#####.♣♣.♣♣♣.♣.♣# ♣
♣♣.....♣♣♣♣♣ ♣.♣♣
######### #.# = ♣♣.♣♣
♣♣.♣♣
~~~.♣.~D♣#♣./.♣#
#.~o{@).....#
~~~.♣.~.♣#♣)..♣# }
♣♣.♣♣ ♣♣)♣♣ ## #.#
♣.♣ .♣. ♣ ♣


You could see a nine-headed hydra and an orc warrior.


Message History

No target in view!
No target in view!
No target in view!
You now have 361 gold pieces (gained 6).
Key pressed, stopping explore.
A bullfrog comes into view.
The bullfrog croaks.
An orc wizard comes into view. It is wielding a +0 dagger.
There are monsters nearby!
There are monsters nearby!
The orc wizard shouts!
A gnoll bouda comes into view. It is wielding a +0 whip.
You see here a wand of charming (5).
The gnoll bouda shouts!
The bullfrog closely misses you. You furiously retaliate!
You headbutt the bullfrog.
An orc wizard comes into view. It is wielding a +0 dagger.
The orc wizard shouts!
You slash the bullfrog!
You hear a howl!
The bullfrog completely misses you.
You slash the bullfrog!
You kill the bullfrog!
You slash the orc wizard!
You kill the orc wizard!
The gnoll bouda barely misses you. You furiously retaliate!
You headbutt the gnoll bouda! You slash the gnoll bouda!
You kill the gnoll bouda!
A howler monkey comes into view.
The howler monkey hoots and howls with incredible vigour!
You hear a roar!
You hear a shout! x2
Things that are here:
a +0 dagger {short}; a +0 robe An orc warrior comes into view.
It is wielding a +0 glaive.
The orc warrior shouts!
You block the orc wizard's attack.
You slice the orc wizard!!
You kill the orc wizard!
An eight-headed hydra comes into view.
Things that are here:
a +0 dagger {short}; a +0 robe The howler monkey hits you but does no damage.
You slice the howler monkey!!
You kill the howler monkey!
You enter the shallow water.
Moving in this stuff is going to be slow.
The eight-headed hydra bites you. The eight-headed hydra bites you!
The eight-headed hydra bites you.
The eight-headed hydra closely misses you.
You block the eight-headed hydra's attack.
The eight-headed hydra closely misses you.
The eight-headed hydra completely misses you.
The eight-headed hydra bites you!
The orc warrior hits you from afar with a +0 glaive!
You are too injured to fight recklessly! 😮 HP[-30]
You take 30 damage, and now have 55/85 hp.
MASSIVE DAMAGE!! (PAUSE)
You lop one of the eight-headed hydra's heads off!
The seven-headed hydra grows two more!
You slash the nine-headed hydra! You miss something.
Something hits you but does no damage.
Deactivating autopickup; reactivate with Ctrl-A.
You hear a splashing noise.
The nine-headed hydra closely misses you.
The nine-headed hydra bites you but does no damage.
You block the nine-headed hydra's attack.
The nine-headed hydra closely misses you. x2
The nine-headed hydra bites you!
The nine-headed hydra closely misses you.
The nine-headed hydra bites you.
The nine-headed hydra bites you but does no damage.
The orc warrior closely misses you.
You hear a splashing noise. 😮 HP[-12]
You take 12 damage, and now have 43/85 hp.
Your unstable footing causes you to fumble your attack.
You hear a splashing noise.
Something hits you.
* * * LOW HITPOINT WARNING * * *
The nine-headed hydra bites you!
* * * LOW HITPOINT WARNING * * *
The nine-headed hydra bites you but does no damage.
The nine-headed hydra barely misses you.
The nine-headed hydra bites you!
* * * LOW HITPOINT WARNING * * *
You block the nine-headed hydra's attack.
The nine-headed hydra bites you but does no damage. x2
You block the nine-headed hydra's attack.
The nine-headed hydra bites you!
* * * LOW HITPOINT WARNING * * *
The orc warrior barely misses you. 😱 HP[-39]
You take 39 damage, and now have 4/85 hp.
MASSIVE DAMAGE!! (PAUSE)
You hear a splashing noise.
Something hits you but does no damage.
The nine-headed hydra bites you but does no damage.
The nine-headed hydra bites you!
You die...

Skill      XL: |  1  2  3  4  5  6  7  8  9 |
---------------+----------------------------+-----
Fighting       | 4 5 6 7 9 10 | 10.2
Axes           | 3 4 5 6 7 9 |  9.8
Armour         | 4 5 6 7 |  7.6
Shields        | |  3.6

Action                   |  1- 3 |  4- 6 |  7- 9 || total
-------------------------+-------+-------+-------++-------
Melee: War axe           |    67 |   112 |   182 ||   361
       Headbutt          |     6 |    14 |    41 ||    61
  Use: Scroll            |       |       |    12 ||    12
Armor: Scale mail        |    30 |       |       ||    30
       Chain mail        |     6 |    62 |    80 ||   148
Dodge: Dodged            |    30 |    63 |   102 ||   195
Block: Buckler           |    19 |    17 |    29 ||    65

Levels and vault maps discovered:
D:1:      minmay_arrival_widening_spiral_wide, layout_basic,
          palyth_stone_intersect
D:2:      layout_basic
D:3:      layout_basic, nicolae_ecumenical_snake_handling,
          nicolae_concentric_dashed_squares_mild, uniq_natasha
D:4:      cheibrodos_fertilizer, layout_loops_cross,
          mainiacjoe_overflow_24_doors,
          chequers_temple_overflow_statue_of_worship, solitary_fountain,
          uniq_eustachio
D:5:      layout_basic, nicolae_ossuary_entry_monument
D:6:      layout_loops_corners, serial_aquarium, aquarium_bridge_straight
          [aquarium_subvault_bridge, aquarium_subvault_wall,
          aquarium_subvault_bridge, aquarium_subvault_wall],
          aquarium_window_fake, aquarium_window_fake, aquarium_window_corner,
          aquarium_window_3, aquarium_view_2d, serial_shops,
          kennysheep_little_box, mrwooster_statue_mirror
D:7:      nzn_winding_woodlands_medium [nzn_winding_woodlands_5x5_checkerboard,
          nzn_winding_woodlands_5x15_pool, nzn_winding_woodlands_5x5_three,
          nzn_winding_woodlands_5x5_default,
          nzn_winding_woodlands_center_triple_pond,
          nzn_winding_woodlands_hourglass,
          nzn_winding_woodlands_5x5_closed_star,
          nzn_winding_woodlands_5x15_cabin, nzn_winding_woodlands_5x5_cross],
          layout_rooms, minmay_temple_entry_water_ring, minivault_23,
          uniq_duvessa, uniq_joseph

Notes
Turn   | Place    | Note
-------+----------+-------------------------------------------
     0 | D:1      | Sanktem7 the Minotaur Fighter began the quest for the Orb.
     0 | D:1      | Reached XP level 1. HP: 19/19 MP: 0/0
     0 | D:1      | magus.rc [v1.9.6]
   162 | D:1      | Reached XP level 2. HP: 27/27 MP: 1/1
   184 | D:1      | Reached skill level 4 in Fighting
   207 | D:1      | Reached skill level 3 in Axes
   469 | D:1      | Reached XP level 3. HP: 33/33 MP: 2/2
   798 | D:2      | Reached skill level 4 in Armour
   821 | D:2      | Identified the +1 chain mail of Understanding {Str+2
                  | Slay+3}
  1226 | D:3      | Reached skill level 4 in Axes
  1226 | D:3      | Reached XP level 4. HP: 31/41 MP: 3/3
  1236 | D:3      | Reached skill level 5 in Fighting
  1660 | D:3      | Noticed Natasha
  1666 | D:3      | Killed Natasha
  1667 | D:3      | Reached XP level 5. HP: 44/48 MP: 4/4
  1807 | D:3      | Found a faded altar of an unknown god.
  1879 | D:3      | Reached skill level 5 in Axes
  1888 | D:3      | Reached XP level 6. HP: 47/57 MP: 5/5
  2146 | D:3      | Noticed Natasha
  2152 | D:3      | Killed Natasha
  2153 | D:3      | Reached skill level 6 in Fighting
  2641 | D:4      | Found a glowing golden altar of the Shining One.
  2742 | D:4      | Reached skill level 5 in Armour
  3003 | D:4      | Found a hazy altar of Hepliaklqana.
  3004 | D:4      | Found a snail-covered altar of Cheibriados.
  3008 | D:4      | Found a hide-covered altar of Uskayaw.
  3008 | D:4      | Found an ornate altar of the Wu Jian Council.
  3204 | D:5      | Entered Level 5 of the Dungeon
  3337 | D:5      | Reached skill level 6 in Axes
  3371 | D:5      | Reached XP level 7. HP: 35/64 MP: 6/6
  3373 | D:5      | Reached skill level 7 in Fighting
  3378 | D:5      | Reached skill level 7 in Axes
  3399 | D:5      | Found a sand-covered staircase.
  3408 | Ossuary  | Entered an ossuary
  3647 | Ossuary  | Reached skill level 6 in Armour
  3689 | Ossuary  | Reached XP level 8. HP: 74/74 MP: 7/7
  3694 | Ossuary  | Reached skill level 8 in Fighting
  4157 | D:5      | Reached skill level 8 in Axes
  4749 | D:6      | HP: 17/75 [steam dragon (5)]
  5077 | D:6      | Reached skill level 9 in Fighting
  5431 | D:6      | Found Xafith's Armour Shoppe.
  5533 | D:6      | Reached skill level 7 in Armour
  5910 | D:6      | Reached skill level 9 in Axes
  6362 | D:7      | Reached XP level 9. HP: 76/84 MP: 8/8
  6403 | D:7      | Noticed Duvessa
  6403 | D:7      | Noticed Dowan
  6413 | D:7      | Killed Duvessa
  6415 | D:7      | Killed Dowan
  6503 | D:7      | Reached skill level 10 in Fighting
  6556 | D:7      | Noticed an eight-headed hydra
  6562 | D:7      | HP: 14/85 [nine-headed hydra (12)]
  6562 | D:7      | HP: 4/85 [nine-headed hydra (10)]
  6563 | D:7      | Slain by a nine-headed hydra

Vanquished Creatures
  A steam dragon (D:6)
  Duvessa (D:7)
  A sky beast (D:7)
  An ice beast (D:6)
  2 ogres (D:5)
  2 centaurs
  2 necrophages
  A gnoll sergeant (D:6)
  A bullfrog (D:7)
  3 scorpions
  3 water moccasin zombies (Ossuary)
  A wight (D:7)
  Dowan (D:7)
  A howler monkey (D:7)
  8 orc priests
  3 hounds
  A gnoll bouda (D:7)
  A jelly (D:6)
  3 iguanas
  5 orc wizards
  Natasha (twice) (D:3)
  2 mummies (Ossuary)
  7 gnolls (D:6)
  7 adders
  A shadow imp (D:7)
  A white imp (D:6)
  7 adder zombies (Ossuary)
  2 worms
  2 dart slugs
  24 orcs
  9 ball pythons
  5 endoplasms
  3 giant cockroaches
  3 goblins (D:1)
  7 hobgoblins
  7 jackals
  4 kobolds
  2 quokkas
  9 bats
  3 frilled lizards
  2 gnoll zombies (Ossuary)
  2 hobgoblin zombies (Ossuary)
  3 kobold zombies (Ossuary)
  9 orc zombies (Ossuary)
  4 rats
169 creatures vanquished.

Vanquished Creatures (others)
  12 fungi (D:6)
  10 toadstools (D:4)
22 creatures vanquished.

Grand Total: 191 creatures vanquished

Table legend:
 A = Non-vault XP
 B = Vault XP
 C = Vault XP percentage of total XP
 D = Non-vault monster count
 E = Vault monster count
 F = Vault count percentage of total count
                 A         B        C        D         E       F
            +---------+---------+-------+---------+---------+-------
      Total |    2486 |    1020 |  29.1 |     127 |      42 |  24.9
            +---------+---------+-------+---------+---------+-------
        D:1 |      42 |       0 |   0.0 |      22 |       0 |   0.0
        D:2 |      35 |       0 |   0.0 |      12 |       0 |   0.0
        D:3 |     309 |      52 |  14.4 |      29 |       5 |  14.7
        D:4 |     174 |       0 |   0.0 |      16 |       0 |   0.0
        D:5 |     892 |       0 |   0.0 |      17 |       0 |   0.0
        D:6 |     833 |       0 |   0.0 |      28 |       0 |   0.0
        D:7 |     201 |     629 |  75.8 |       3 |       9 |  75.0
    Ossuary |       0 |     339 | 100.0 |       0 |      28 | 100.0
            +---------+---------+-------+---------+---------+-------

Illustrated notes

Table legend:
 A = Kills in this place as a percentage of kills in entire the game.
 B = Kills by you in this place as a percentage of kills by you in the entire game.
 C = Kills by friends in this place as a percentage of kills by friends in the entire game.
 D = Other kills in this place as a percentage of other kills in the entire game.
 E = Experience gained in this place as a percentage of experience gained in the entire game.
 F = Experience gained in this place divided by the number of levels of this place that you have seen.
                   A       B       C       D       E      F
               +-------+-------+-------+-------+-------+----------------------
         Total | 100.0 | 100.0 |   N/A |   N/A | 100.0 | 438.2
       Dungeon |  83.4 |  83.4 |   N/A |   N/A |  90.3 | 452.4
       Ossuary |  16.6 |  16.6 |   N/A |   N/A |   9.7 | 339.0
               +-------+-------+-------+-------+-------+----------------------

Table legend: (Time is in decaauts)
 A = Elapsed time spent in this place.
 B = Non-inter-level travel time spent in this place.
 C = Inter-level travel time spent in this place.
 D = Time resting spent in this place.
 E = Time spent auto-exploring this place.
 F = Levels seen in this place.
 G = Mean time per level.
                   A        B        C        D        E       F      G
               +--------+--------+--------+--------+--------+-----+--------+
         Total |   6641 |   6455 |    186 |    191 |   5319 |   8 |  830.1 |
       Dungeon |   6157 |   5971 |    186 |      0 |   5138 |   7 |  879.6 |
       Ossuary |    483 |    483 |      0 |    191 |    181 |   1 |  483.0 |
               +--------+--------+--------+--------+--------+-----+--------+

Top non-repeatable levels by time:
     D:6: 1678 daAuts
     D:3: 1442 daAuts
     D:5: 964 daAuts
     D:1: 653 daAuts
     D:4: 644 daAuts
     D:2: 517 daAuts
 Ossuary: 483 daAuts
     D:7: 257 daAuts
